 Dungeon Crawl Stone Soup version 0.29.0-4-gdea44cf6ec (webtiles) character file.

Game seed: 16090896293984316460

5 qw the Chopper (level 1, -3/12 HPs)
             Began as a Tengu Warper on Aug 28, 2022.
             Slain by a hound (5 damage)
             ... on level 2 of the Dungeon.
             The game lasted 00:00:01 (128 turns).

qw the Chopper (Tengu Warper)                        Turns: 128, Time: 00:00:01

Health: -3/12      AC:  3    Str: 11    XL:     1   Next: 80%
Magic:  4/4        EV: 11    Int: 13    God:
Gold:   17         SH:  0    Dex: 13    Spells: 4/4 levels left

rFire   . . .      SeeInvis .   a - +0 hand axe
rCold   . . .      Faith    .   (no shield)
rNeg    . . .      Spirit   .   b - +0 leather armour
rPois   .          Reflect  .   (helmet restricted)
rElec   .          Harm     .   (no cloak)
rCorr   .          Rampage  .   (no gloves)
Will    .....                   (boots unavailable)
Stlth   +.........              (no amulet)
HPRegen 0.04/turn               (no ring)
MPRegen 0.09/turn               (no ring)

@: no status effects
A: beak, talons 3
a: no special abilities


You were on level 2 of the Dungeon.
You visited 1 branch of the dungeon, and saw 2 of its levels.

You collected 17 gold pieces.


Innate Abilities, Weirdness & Mutations

You have a beak for a mouth.
You have claws for feet.


   Skills:
 - Level 2.0 Fighting
 + Level 2.8 Axes
 - Level 1.0 Throwing
 - Level 1.1 Armour
 - Level 2.1 Dodging
 - Level 2.0 Spellcasting
 - Level 2.4 Translocations


You had 4 spell levels left.
You didn't know any spells.
Your spell library contained the following spells:

 Spells                   Type           Power      Damage    Failure   Level
 Blink                    Tloc           14%        N/A       19%         2
 Gell's Gravitas          Tloc           7%         N/A       36%         3
 Lesser Beckoning         Tloc           7%         N/A       36%         3
 Teleport Other           Tloc           7%         N/A       36%         3
 Manifold Assault         Tloc           7%         N/A       98%         5

Inventory:

Hand Weapons
 a - a +0 hand axe (weapon)
Missiles
 d - 2 boomerangs of dispersal (quivered)
Armour
 b - a +0 leather armour (worn)
Scrolls
 c - a scroll of blinking
 e - a scroll of identify {unknown}
 f - a scroll of teleportation {unknown}

Dungeon Overview and Level Annotations

Branches:
Dungeon (1/15)

Altars:
The Shining One


Message History

You closely miss the quokka. You peck the quokka.
The quokka is heavily wounded.
You hit the plant.
The plant begins to die.
The quokka bites you.
You closely miss the quokka. Your kick misses the quokka.
The quokka is heavily wounded.
You hit the plant. The quokka bites you.
You hit the quokka.
You kill the quokka!
You hit the plant but do no damage. You hit the kobold.
You kill the kobold!
You hit the plant.
A nearby plant withers and dies.
You start resting.
A hound is nearby!
Throw: 2 boomerangs (disperse)
Press: ? - help, Q - select action Shift-Dir - straight line, f - hound Your line of fire to the hound is blocked by a plant.
The hound barks!
Throw: 2 boomerangs (disperse)
Press: ? - help, Q - select action Shift-Dir - straight line, f/p - hound Your line of fire to the hound is blocked by a plant.
Throw: 2 boomerangs (disperse)
Press: ? - help, Q - select action Shift-Dir - straight line, f/p - hound Your line of fire to the hound is blocked by a plant.
Throw: 2 boomerangs (disperse)
Press: ? - help, Q - select action Shift-Dir - straight line, f/p - hound Your line of fire to the hound is blocked by a plant.
You closely miss the hound. You peck the hound.
The hound is lightly wounded.
The hound misses you.
You hit the hound.
The hound is moderately wounded.
The hound bites you. The hound closely misses you.
You barely miss the hound. Your kick misses the hound.
The hound is moderately wounded.
The hound bites you. x2
You die...

...# ........ .........
......... ..7~~7~##
777~~P~~P##
~~~~PP~P~~#########.
~~~~~~~h~P~.........
......)@............
~~~P~~~~~~~~~P.........
~~7777~~~~~P~#........
777~~~77P~~~P7##........ ##
7~7.....7777~###........ ...
#...........+..........
...####...........##.........
..............#..###.......~~
##...............###........~


You could see a hound.

Vanquished Creatures
  An endoplasm (D:1)
  A kobold (D:2)
  A quokka (D:2)
  A ball python (D:2)
  A rat (D:1)
5 creatures vanquished.

Vanquished Creatures (others)
  5 plants (D:2)
5 creatures vanquished.

Grand Total: 10 creatures vanquished

Notes
Turn   | Place    | Note
-------+----------+-------------------------------------------
     0 | D:1      | qw the Tengu Warper began the quest for the Orb.
     0 | D:1      | Reached XP level 1. HP: 12/12 MP: 4/4
     0 | D:1      | 0 ||| qw: Version: 0.1-a-89-g26bdef1
     0 | D:1      | 0 ||| qw: Game counter: 2004
     0 | D:1      | 0 ||| qw: Always use a shield: true
     0 | D:1      | 0 ||| qw: God list: Okawaru
     0 | D:1      | 0 ||| qw: Allow faded altars: false
     0 | D:1      | 0 ||| qw: Do Orc after D:15 true
     0 | D:1      | 0 ||| qw: Do second Lair branch before Depths: true
     0 | D:1      | 0 ||| qw: Lair rune preference: random
     0 | D:1      | 0 ||| qw: Plans: Normal
     0 | D:1      | 0 ||| PLANNING D:1-11
    42 | D:1      | You fall into a shaft and drop 1 floor!
    72 | D:2      | Found a glowing golden altar of the Shining One.
   110 | D:2      | Noticed a hound
   128 | D:2      | HP: 2/12 [hound (3)]
   128 | D:2      | Slain by a hound

Levels and vault maps discovered:
D:1:      scummos_arrival_simple_crosswalls, layout_rooms,
          chequers_serial_rivers_room_b
D:2:      layout_basic, basic_altar, st_stairs_10, chequers_big_river,
          serial_bayou_lagoon_b, uniq_jessica

Action                   || total
-------------------------++-------
Melee: Hand axe          ||     9
       Peck              ||     2
Throw: Boomerang         ||     5
Armor: Leather armour    ||     1
Dodge: Dodged            ||     3

Table legend:
 A = Non-vault XP
 B = Vault XP
 C = Vault XP percentage of total XP
 D = Non-vault monster count
 E = Vault monster count
 F = Vault count percentage of total count
                 A         B        C        D         E       F
            +---------+---------+-------+---------+---------+-------
      Total |       8 |       0 |   0.0 |       5 |       0 |   0.0
            +---------+---------+-------+---------+---------+-------
        D:1 |       3 |       0 |   0.0 |       2 |       0 |   0.0
        D:2 |       5 |       0 |   0.0 |       3 |       0 |   0.0
            +---------+---------+-------+---------+---------+-------
